 Dungeon Crawl Stone Soup version 0.20-a0-871-g785f14b (console) character file.

8316 nht the Cruncher (level 11, 0/72 HPs)
             Began as a Demonspawn Gladiator on Mar 14, 2017.
             Was a Believer of Kikubaaqudgha.
             Succumbed to Erica's bolt of poison
             ... on level 8 of the Dungeon.
             The game lasted 00:21:46 (8269 turns).

nht the Cruncher (Demonspawn Gladiator)             Turns: 8269, Time: 00:21:47

Health: 0/72       AC:  9    Str: 14    XL:     11   Next: 8%
Magic:  7/11       EV: 12    Int: 13    God:    Kikubaaqudgha [**....]
Gold:   447        SH:  0    Dex: 15    Spells: 5/10 levels left

rFire    . . .     SeeInvis .   a - +1 quarterstaff
rCold    . . .     Gourm    .   b - +0 leather armour
rNeg     . . .     Faith    .   (shield currently unavailable)
rPois    .         Spirit   .   c - +1 helmet
rElec    .         Reflect  .   d - +1 cloak {MR+}
rCorr    .         Harm     .   (no gloves)
MR       +....                  (no boots)
Stlth    ++........             (no amulet)
Regen    0.3/turn               (no ring)
MPRegen  0.2/turn               e - ring of flight

@: lethally poisoned (0 -> -5)
A: claws 2, icy blue scales 1, nightstalker 1, spiny 1
a: Receive Corpses, Renounce Religion, Evoke Flight


You were on level 8 of the Dungeon.
You worshipped Kikubaaqudgha.
Kikubaaqudgha was pleased with you.
You were hungry.

You visited 2 branches of the dungeon, and saw 10 of its levels.

You collected 447 gold pieces.

Inventory:

Hand Weapons
 a - a +1 quarterstaff (weapon)
 r - a cursed -3 dagger
Armour
 b - a +0 leather armour (worn)
 c - a +1 helmet (worn)
 d - a +1 cloak of magic resistance (worn)
 h - a +0 buckler
Jewellery
 e - a ring of flight (left claw)
Wands
 g - a wand of random effects (0/48)
 m - a wand of flame (4/48)
 n - a wand of enslavement (0/24)
 s - a wand of disintegration (0/24)
 A - a wand of polymorph (11/24)
 D - a wand of random effects (6/48)
 F - a wand of enslavement (7/24)
Scrolls
 i - a scroll of amnesia
 j - 4 scrolls of remove curse
 p - 6 scrolls of enchant armour
 v - 5 scrolls of teleportation
 y - a scroll of enchant weapon
 C - a scroll of identify
Potions
 l - 3 potions of mutation
 q - a potion of flight
 w - 3 potions of magic
 x - 2 potions of brilliance
Books
 B - a book of the Earth

   Spells                             Type                      Level
   a - Leda's Liquefaction            Hexes/Earth                  4
   b - Bolt of Magma                  Conjuration/Fire/Earth       5
   c - Statue Form                    Transmutation/Earth          6
   d - Iron Shot                      Conjuration/Earth            6
   e - Shatter                        Earth                        9
 E - Kikubaaqudgha's Collected Works on Black Rites
   (Kikubaaqudgha gifted it to you on level 8 of the Dungeon)

   Spells                             Type                      Level
   a - Pain                           Necromancy                   1
   b - Corpse Rot                     Necromancy                   2
   c - Sublimation of Blood           Necromancy                   2
   d - Regeneration                   Charms/Necromancy            3
   e - Control Undead                 Necromancy                   4
Comestibles
 f - 5 bread rations
 k - 5 meat rations
 o - 13 fruits
 z - 7 royal jellies


   Skills:
 - Level 2.0 Fighting
 - Level 14.1 Staves
 - Level 1.7 Throwing
 - Level 2.6 Dodging
 + Level 7.3 Necromancy


You had 5 spell levels left.
You knew the following spells:

 Your Spells              Type           Power        Failure   Level  Hunger
a - Pain                  Necr           ###.         1%          1    ##.....
b - Corpse Rot            Necr           N/A          3%          2    ###....
c - Sublimation of Blood  Necr           ###.......   3%          2    ###....


Dungeon Overview and Level Annotations

Branches:
Dungeon (9/15)             Temple (1/1) D:7             Orc (0/2) D:9
   Lair: D:8-11

Altars:
Ashenzari
Cheibriados
Dithmenos
Elyvilon
Fedhas
Gozag
Hepliaklqana
Kikubaaqudgha
Makhleb
Nemelex Xobeh
Okawaru
Qazlal
Ru
Sif Muna
Trog
Uskayaw
Vehumet
Wu Jian
Xom
Yredelemnul
Zin
The Shining One
Beogh

Shops:
D:4 %

Annotations:
D:5 , dig
D:8 Erica


Innate Abilities, Weirdness & Mutations

You have very sharp fingernails.
You are partially covered in icy blue scales. (AC +2)
You are slightly more attuned to the shadows.
You are partially covered in sharp spines.


Message History

You hit Erica.
Erica is lightly wounded.
You feel sick.
You feel sick.
Erica hits you with a scimitar of flaming.
* * * LOW HITPOINT WARNING * * *
Erica burns you.
* * * LOW HITPOINT WARNING * * *
You sock Erica!
Erica is moderately wounded.
You feel less confused. Erica is struck by your spines.
Erica hits you with a scimitar of flaming!
* * * LOW HITPOINT WARNING * * *
Erica burns you.
* * * LOW HITPOINT WARNING * * *
You hit Erica.
Erica is heavily wounded.
You die...
Kikubaaqudgha rasps: "You have failed me!
Welcome... death!"

█..█ ..██████
████..█ █ .....█
█ █ █ █...█.█ █
█. █...█.████ █
█.█████>...<.. █
██...█...██████ █
.....█...██ █
█...@..█ .w...
██████.█@..█
.....
█......█...█
██.██
█.██████...███ █.
███.██████.█.....
.
█................
█.█.██████.██.███
█.█)█ █.█ .█
█.█O██████.█ █


You could see Erica.

Vanquished Creatures
  Gastronok (D:8)
  A hydra (D:8)
  2 two-headed ogres
  Pikel (Temple)
  Psyche (D:8)
  Grinder (D:5)
  2 dream sheep (D:8)
  Sigmund (D:2)
  2 yaks (D:8)
  The ghost of nikopol the Chopper, an amateur MiBe of Trog (D:4)
  A hungry ghost (D:7)
  2 orc warriors (D:9)
  2 eyes of draining (D:9)
  A sky beast (D:7)
  2 slaves (D:7)
  A phantom (D:5)
  2 ice beasts (D:6)
  6 ogres
  A crocodile (D:9)
  2 centaurs
  3 big kobolds (D:8)
  3 scorpions
  A wyvern skeleton (D:6)
  3 killer bees (D:9)
  A jelly (D:6)
  A howler monkey (D:7)
  3 crimson imps (D:6)
  3 orc priests (D:9)
  4 hounds
  A bullfrog skeleton (D:5)
  A centaur skeleton (D:8)
  Crazy Yiuf (D:5)
  An orc wizard (D:4)
  Jessica (D:3)
  4 worker ants
  A hound zombie (D:7)
  A hound skeleton (D:5)
  A worker ant zombie (D:8)
  4 gnolls (D:8)
  7 adders
  3 shadow imps
  2 oozes
  An adder skeleton (D:6)
  2 worms
  7 leopard geckos
  36 orcs
  7 bats
  8 giant cockroaches
  8 hobgoblins
  15 jackals
  9 quokkas
  2 ball pythons
  6 frilled lizards
  5 goblins
  6 kobolds
  A leopard gecko skeleton (D:4)
  A quokka skeleton (D:7)
  6 rats
203 creatures vanquished.

Vanquished Creatures (others)
  A hippogriff (D:7)
  A slave (D:7)
  A centaur zombie (D:7)
3 creatures vanquished.

Grand Total: 206 creatures vanquished

Notes
Turn   | Place    | Note
-------+----------+-------------------------------------------
     0 | D:1      | nht the Demonspawn Gladiator began the quest for the Orb.
     0 | D:1      | Reached XP level 1. HP: 16/16 MP: 1/1
    57 | D:1      | Reached skill level 3 in Staves
    86 | D:1      | Gained mutation: You are partially covered in sharp spines. [demonic ancestry]
    86 | D:1      | Reached XP level 2. HP: 17/22 MP: 2/2
   436 | D:1      | Reached XP level 3. HP: 20/27 MP: 3/3
   875 | D:2      | Reached skill level 4 in Staves
  1144 | D:2      | Noticed Sigmund
  1156 | D:2      | Killed Sigmund
  1156 | D:2      | Reached skill level 6 in Staves
  1156 | D:2      | Gained mutation: You are partially covered in icy blue scales. (AC +2) [demonic ancestry]
  1156 | D:2      | Reached XP level 4. HP: 24/33 MP: 4/4
  1156 | D:2      | Gained mutation: You have sharp fingernails. [demonic ancestry]
  1156 | D:2      | Reached XP level 5. HP: 28/38 MP: 5/5
  1602 | D:3      | Noticed Jessica
  1610 | D:3      | Killed Jessica
  1610 | D:3      | Gained mutation: You are slightly more attuned to the shadows. [demonic ancestry]
  1610 | D:3      | Reached XP level 6. HP: 30/44 MP: 6/6
  1867 | D:4      | Got an iridescent dagger
  1869 | D:4      | Identified the cursed +0 dagger "Sarcophage" {pierce, MR+} (You found it on level 4 of the Dungeon)
  1897 | D:4      | Noticed nikopol's ghost (amateur MiBe)
  1918 | D:4      | Killed nikopol's ghost
  1918 | D:4      | Reached skill level 7 in Staves
  2159 | D:4      | Reached XP level 7. HP: 31/50 MP: 7/7
  2314 | D:4      | Noticed a two-headed ogre
  2319 | D:4      | Killed a two-headed ogre
  2319 | D:4      | Reached skill level 9 in Staves
  2319 | D:4      | Reached XP level 8. HP: 56/56 MP: 8/8
  2562 | D:4      | Found Ybruh's Food Shoppe.
  2611 | D:4      | Reached skill level 10 in Staves
  2831 | D:5      | Entered Level 5 of the Dungeon
  3110 | D:5      | Found a runed door.
  3289 | D:5      | Found a basalt altar of Yredelemnul.
  3292 | D:5      | Found a sparkling altar of Nemelex Xobeh.
  3295 | D:5      | Found a bloodstained altar of Trog.
  3425 | D:5      | Noticed Grinder
  3433 | D:5      | Paralysed by Grinder for 2 turns
  3441 | D:5      | Paralysed by Grinder for 2 turns
  3600 | D:5      | Killed Grinder
  3801 | D:5      | Noticed Crazy Yiuf
  3809 | D:5      | Killed Crazy Yiuf
  3903 | D:6      | Reached skill level 11 in Staves
  3903 | D:6      | Gained mutation: You have very sharp fingernails. [demonic ancestry]
  3903 | D:6      | Reached XP level 9. HP: 60/61 MP: 9/9
  4819 | D:7      | Noticed Pikel
  4874 | D:7      | Found a staircase to the Ecumenical Temple.
  4881 | Temple   | Entered the Ecumenical Temple
  4885 | Temple   | Killed Pikel
  4885 | Temple   | Reached skill level 12 in Staves
  5256 | Temple   | Became a worshipper of Kikubaaqudgha
  5744 | D:8      | Noticed Psyche
  5752 | D:8      | Killed Psyche
  5764 | D:8      | Noticed Gastronok
  6186 | D:8      | Found a sacrificial altar of Ru.
  6284 | D:8      | Reached skill level 13 in Staves
  6288 | D:8      | Reached XP level 10. HP: 15/67 MP: 10/10
  6583 | D:8      | Noticed a three-headed hydra
  6597 | D:8      | Killed a three-headed hydra
  6905 | D:8      | Noticed a two-headed ogre
  6924 | D:8      | Killed a two-headed ogre
  6924 | D:8      | Reached skill level 14 in Staves
  6930 | D:8      | Reached * piety under Kikubaaqudgha
  6930 | D:8      | Identified Kikubaaqudgha's Collected Works on Black Rites (Kikubaaqudgha gifted it to you on level 8 of the Dungeon)
  6930 | D:8      | Received a gift from Kikubaaqudgha
  6937 | D:8      | Learned a level 1 spell: Pain
  6940 | D:8      | Learned a level 2 spell: Corpse Rot
  6943 | D:8      | Learned a level 2 spell: Sublimation of Blood
  7074 | D:8      | Noticed Erica
  7085 | D:9      | Reached skill level 1 in Necromancy
  7106 | D:9      | Found an opulent altar of Gozag.
  7464 | D:8      | Killed Gastronok
  7478 | D:8      | Noticed a two-headed ogre
  7808 | D:9      | Reached XP level 11. HP: 72/72 MP: 5/11
  7817 | D:9      | Found a roughly hewn altar of Beogh.
  7817 | D:9      | Found a staircase to the Orcish Mines.
  7906 | D:9      | Reached ** piety under Kikubaaqudgha
  8013 | D:9      | Noticed a two-headed ogre
  8268 | D:8      | HP: 1/72 [Erica/scimitar of flaming (4)]
  8269 | D:8      | Succumbed to Erica's bolt of poison

Vault maps used:
D:1:      evilmike_arrival_crescent, minmay_misc_feat_doors, minmay_heptomino_h4
D:2:      first_bread, uniq_sigmund
D:3:      uniq_jessica
D:4:      serial_shops, shop, st_stairs_7
D:5:      grunt_temple_overflow_diamond, lightli_corner_chamber, uniq_grinder,
          uniq_crazy_yiuf_cottage
D:6:      minmay_misc_feat_chi
D:7:      temple_fountains, uniq_pikel
D:8:      hangedman_ranch, nicolae_ru_awakened_eye, uniq_psyche, uniq_erica,
          uniq_gastronok
D:9:      kennysheep_little_box, david_orc_5
Temple:   regret_index_temple_mists

Skill      XL: |  1  2  3  4  5  6  7  8  9 10 11 |
---------------+----------------------------------+-----
Staves         | 3 6 7 9 11 13 14 | 14.1
Necromancy     | 6 7 |  7.3
Fighting       | |  2.0
Throwing       | |  1.7
Dodging        | |  2.6

Action                   |  1- 3 |  4- 6 |  7- 9 | 10-12 || total
-------------------------+-------+-------+-------+-------++-------
Melee: Quarterstaff      |    89 |    68 |   235 |   223 ||   615
Throw: Throwing net      |       |     1 |     2 |       ||     3
 Cast: Pain              |       |       |       |    22 ||    22
Evoke: Wand              |       |     2 |    36 |     8 ||    46
  Use: Potion            |     1 |     1 |     4 |     2 ||     8
       Scroll            |       |     5 |    13 |       ||    18
 Stab: Invisible         |     1 |       |     1 |       ||     2
       Distracted        |     1 |       |       |     1 ||     2
       Sleeping          |       |       |     9 |     1 ||    10
  Eat: Chunk             |     1 |     2 |     7 |     8 ||    18
       Fruit             |       |       |     2 |       ||     2
       Meat ration       |       |       |     1 |       ||     1
Armor: Leather armour    |    26 |    10 |    34 |    48 ||   118
       Skin              |       |     4 |       |       ||     4
Dodge: Dodged            |    56 |    34 |    99 |    66 ||   255
